AoeStats
← Shadox

Migration

508467305Analyzed
1v1 RM · 10d ago on Sep 22, 2026· 44m 16s· 2 players
Game mode
Random Map
Map size
132×132
Population
200
Speed
Normal
Resources
Standard
Victory
Conquest
Starting age
Dark Age
Ending age
Imperial Age
RankedLock teamsTeams togetherTeam positionsShared explorationLock speedFull tech treeHidden civsTurbo modeCheats
Victory
Defeat
🇪🇸 Varangians · Spain
1178
+15
🇫🇷 Vikings · France
1153
-15
Shadox
8:12 Loom
10:37 Feudal Age
11:18 Double-Bit Axe
13:40 Fletching
18:13 Castle Age
18:52 Scale Barding Armor
19:13 Elite Skirmisher
26:58 Bodkin Arrow
30:34 Pikeman
37:42 Imperial Age
38:34 Cavalier
39:10 Elite Longship
41:01 Chemistry
40:22 Ballistics
40:42 Forging
41:25 Scale Mail Armor
42:13 Iron Casting
44:36 Blast Furnace
oriol.hs97
8:32 Loom
11:26 Feudal Age
13:00 Double-Bit Axe
15:10 Bloodlines
20:04 Castle Age
18:00 Fletching
26:11 Padded Archer Armor
28:10 Scale Mail Armor
28:28 Gold Mining
28:28 Stone Mining
28:50 Horse Collar
30:36 Wheelbarrow
33:07 Imperial Age
35:46 Forging
35:52 Chain Mail Armor
38:38 Iron Casting
38:22 Arson
38:37 Squires
39:02 Elite Varangian Guard
41:45 Elite Longship
43:42 Bow Saw
43:52 Careening
45:05 Blast Furnace
44:37 Plate Mail Armor
Connection lost

Rejoining the realm…

Still unreachable

The connection could not be restored.

Session expired

The server has moved on; the page needs a fresh start.